 Dungeon Crawl Stone Soup version 0.31-a0-692-gf03d1854d5 (webtiles) character file.

Game seed: 6779752578470649869

331 qw the Shooter (level 6, -3/38 HPs)
             Began as a Gargoyle Hunter on Sept 6, 2023.
             Was an Initiate of Okawaru.
             Shot with an arrow by a centaur (6 damage)
             ... on level 4 of the Dungeon.
             The game lasted 00:01:05 (2959 turns).

qw the Shooter (Gargoyle Hunter)                    Turns: 2959, Time: 00:01:06

Health: -3/38      AC:  9    Str: 15    XL:     6   Next: 52%
Magic:  6/6        EV: 11    Int:  9    God:    Okawaru [......]
Gold:   300        SH:  0    Dex: 15    Spells: 5/5 levels left

rFire   . . .        Y - +0 shortbow
rCold   . . .        (shield currently unavailable)
rNeg    + + .        c - +0 leather armour
rPois   inf          (no helmet)
rElec   +            (no cloak)
rCorr   .            (no gloves)
SInv    .            d - +1 pair of boots
Will    .....        (no amulet)
Stlth   ++           h - ring of positive energy
HPRegen 0.26/turn    (no ring)
MPRegen 0.10/turn

%: no passive effects
@: about to teleport
A: sickness immunity, AC +4, negative energy resistance 1, electricity
resistance, torment resistance 1, petrification resistance
a: Renounce Religion


You were on level 4 of the Dungeon.
You worshipped Okawaru.
Okawaru was noncommittal.
You visited 2 branches of the dungeon, and saw 5 of its levels.

You collected 300 gold pieces.


Innate Abilities, Weirdness & Mutations

You are immune to sickness and miasma.
Your stone body is resilient. (AC +4)
You are immune to poison.
You resist negative energy. (rN+)
You are resistant to electric shocks. (rElec)
You are resistant to unholy torment.
You are immune to petrification.


   Skills:
 - Level 4.2 Fighting
 + Level 6.1 Ranged Weapons
 - Level 2.8 Armour
 - Level 1.5 Dodging
 - Level 1.1 Stealth


You had 5 spell levels left.
You didn't know any spells.
Your spell library was empty.

Inventory:

Hand Weapons
 Y - a +0 shortbow (weapon)
Armour
 c - a +0 leather armour (worn)
 d - a +1 pair of boots (worn)
Jewellery
 h - a ring of positive energy (left hand)
Potions
 a - a potion of degeneration {unknown}
 e - a potion of magic {unknown}
 f - a potion of might
 g - a potion of berserk rage {unknown}
 i - a potion of resistance {unknown}
 j - a potion of enlightenment {unknown}
 m - a potion of attraction {unknown}

Dungeon Overview and Level Annotations

Branches:
Dungeon (4/15)             Temple (1/1) D:4

Altars:
Ashenzari
Cheibriados
Elyvilon
Fedhas
Gozag
Hepliaklqana
Kikubaaqudgha
Nemelex Xobeh
Okawaru
Qazlal
Ru
Trog
Uskayaw
Vehumet
Wu Jian
Xom
Yredelemnul
The Shining One


Message History

Enter note:
Enter note:
Enter note: You see here a jackal corpse.
Found a stone staircase leading down.
There is a stone staircase leading down here.
A goblin comes into view. It is wielding a +0 club.
The goblin shouts!
You shoot an arrow. The arrow hits the goblin.
You kill the goblin!
Okawaru accepts your kill.
You see here a +0 club.
There is an open door here.
You open the door.
There is an open door here.
A centaur comes into view.
Found a notched moonstone ring.
The centaur wields a +0 shortbow.
The centaur shoots an arrow.
The arrow hits you!
You shoot an arrow. The arrow hits the centaur.
The centaur is lightly wounded.
The centaur shoots an arrow.
The arrow misses you.
The centaur shoots an arrow.
The arrow hits you!
You shoot an arrow.
The arrow hits the centaur but does no damage.
The centaur is lightly wounded.
The centaur shoots an arrow.
The arrow hits you.
The centaur shoots an arrow.
The arrow hits you!
You shoot an arrow.
The arrow hits the centaur but does no damage.
The centaur is lightly wounded.
The centaur shoots an arrow.
The arrow barely misses you.
You shoot an arrow. The arrow hits the centaur.
The centaur is lightly wounded.
The centaur shoots an arrow.
The arrow hits you!
The centaur shoots an arrow.
The arrow hits you.
2959 ||| READING scroll of teleportation.
As you read the scroll of teleportation, it crumbles to dust.
You feel strangely unstable.
The centaur shoots an arrow.
The arrow hits you.
You die...

#.# #.#
#.# #.#
#.# #.#
#.# #.#
#@#
.....c..#
#######.#
###


You could see a centaur.

Vanquished Creatures
  A phantom (D:4)
  A bullfrog (D:4)
  A hound (D:4)
  Jessica (D:2)
  Terence (D:3)
  4 adders
  3 worms
  2 dart slugs (D:2)
  2 orcs
  4 bats
  8 endoplasms
  3 giant cockroaches
  10 hobgoblins
  2 jackals (D:4)
  2 quokkas
  3 ball pythons
  2 frilled lizards (D:1)
  6 goblins
  3 kobolds
  4 rats
63 creatures vanquished.

Notes
Turn   | Place    | Note
-------+----------+-------------------------------------------
     0 | D:1      | qw the Gargoyle Hunter began the quest for the Orb.
     0 | D:1      | Reached XP level 1. HP: 12/12 MP: 1/1
     0 | D:1      | 0 ||| qw: Version: 0.3-a-76-g4403597
     0 | D:1      | 0 ||| qw: Game counter: 290
     0 | D:1      | 0 ||| qw: Melee chars always use a shield: true
     0 | D:1      | 0 ||| qw: God list: Okawaru
     0 | D:1      | 0 ||| qw: Allow faded altars: false
     0 | D:1      | 0 ||| qw: Do Orc after clearing Dungeon:15 true
     0 | D:1      | 0 ||| qw: Do second Lair branch before Depths: true
     0 | D:1      | 0 ||| qw: Lair rune preference: random
     0 | D:1      | 0 ||| qw: Goals: Normal
     0 | D:1      | 0 ||| PLANNING D:1-11
   179 | D:1      | Reached XP level 2. HP: 17/17 MP: 2/2
   805 | D:1      | 805 ||| UPGRADING to +0 pair of boots.
   810 | D:1      | 810 ||| DROPPING ring of wizardry.
   811 | D:1      | 811 ||| READING scroll labelled SUHEZUMPAE.
   812 | D:1      | 812 ||| DRINKING 2 red potions.
   813 | D:1      | 813 ||| DROPPING scroll of butterflies.
   993 | D:2      | Reached XP level 3. HP: 21/21 MP: 3/3
   994 | D:2      | Noticed Jessica
  1000 | D:2      | Killed Jessica
  1001 | D:2      | Reached skill level 5 in Ranged Weapons
  1109 | D:2      | Reached XP level 4. HP: 27/27 MP: 4/4
  1397 | D:2      | 1397 ||| READING 2 scrolls labelled IMOUSK DOUCE.
  1400 | D:2      | 1400 ||| READING scroll labelled JEGRUSSUINE.
  1401 | D:2      | 1401 ||| READING scroll labelled SUAS YGRONWUA.
  1412 | D:3      | Reached skill level 3 in Fighting
  1721 | D:3      | Found a radiant altar of Vehumet.
  1833 | D:3      | Noticed Terence
  1841 | D:3      | Killed Terence
  1842 | D:3      | Reached XP level 5. HP: 27/32 MP: 5/5
  1878 | D:3      | Reached skill level 6 in Ranged Weapons
  2131 | D:3      | 2131 ||| UPGRADING to ring of positive energy.
  2157 | D:4      | Noticed a phantom
  2184 | D:4      | Killed a phantom
  2256 | D:4      | Reached XP level 6. HP: 29/38 MP: 6/6
  2555 | D:4      | Found a staircase to the Ecumenical Temple.
  2556 | D:4      | 2556 ||| PLANNING TEMPLE
  2556 | D:4      | 2556 ||| READING scroll labelled TENNEY FE UKU.
  2557 | D:4      | 2557 ||| READING scroll labelled JYRAIK MEACOZ.
  2558 | D:4      | 2558 ||| READING scroll labelled GEFEFO PEJUOT.
  2567 | Temple   | Entered the Ecumenical Temple
  2568 | Temple   | 2568 ||| PLANNING OKAWARU WORSHIP
  2576 | Temple   | Became a worshipper of Warmaster Okawaru
  2577 | Temple   | 2577 ||| PLANNING D:1-11
  2600 | D:4      | 2600 ||| READING scroll of enchant armour.
  2600 | D:4      | 2600 ||| ENCHANTING +0 pair of boots.
  2958 | D:4      | HP: 5/38 [centaur/arrow (8)]
  2958 | D:4      | HP: 2/38 [centaur/arrow (3)]
  2959 | D:4      | 2959 ||| READING scroll of teleportation.
  2959 | D:4      | Shot with an arrow by a centaur

Levels and vault maps discovered:
D:1:      dpeg_arrival_orchard, layout_basic, serial_bayou_pond_d,
          minmay_domino_2
D:2:      layout_basic, kennysheep_generic_room_16, uniq_jessica
D:3:      layout_basic, amcnicky_altar_gilded, uniq_terence
D:4:      layout_basic, temple_fountains, st_stairs_6,
          chequers_serial_rivers_large_a
Temple:   nicolae_temple_bog_church

Skill      XL: |  1  2  3  4  5  6 |
---------------+-------------------+-----
Ranged Weapons | 5 6 |  6.1
Fighting       | 3 4 |  4.2
Armour         | 2 |  2.8
Dodging        | |  1.5
Stealth        | |  1.1

Action                     |  1- 3 |  4- 6 || total
---------------------------+-------+-------++-------
   Fire: Shortbow          |    86 |   181 ||   267
    Use: Scroll            |     1 |     8 ||     9
         Potion            |     1 |       ||     1
 Armour: Leather armour    |    21 |    47 ||    68
  Dodge: Dodged            |    14 |    42 ||    56

Table legend:
 A = Non-vault XP
 B = Vault XP
 C = Vault XP percentage of total XP
 D = Non-vault monster count
 E = Vault monster count
 F = Vault count percentage of total count
                 A         B        C        D         E       F
            +---------+---------+-------+---------+---------+-------
      Total |     310 |     164 |  34.6 |      57 |       6 |   9.5
            +---------+---------+-------+---------+---------+-------
        D:1 |      21 |       4 |  16.0 |      13 |       2 |  13.3
        D:2 |      45 |      38 |  45.8 |      14 |       2 |  12.5
        D:3 |      57 |      32 |  36.0 |      15 |       1 |   6.2
        D:4 |     187 |      90 |  32.5 |      15 |       1 |   6.2
            +---------+---------+-------+---------+---------+-------
